 Dungeon Crawl Stone Soup version 0.28.0-53-g5a82cb258f (webtiles) character file.

Game seed: 9952005288564284052

100 Stomo the Conjurer (level 5, -5/29 HPs)
             Began as a Kobold Conjurer on July 23, 2022.
             Killed from afar by an orc wizard (9 damage)
             ... with a puff of flame
             ... on level 3 of the Dungeon.
             The game lasted 00:07:12 (3891 turns).

Stomo the Conjurer (Kobold Conjurer)                Turns: 3891, Time: 00:07:12

Health: -5/29      AC:  4    Str:  7    XL:     5   Next: 3%
Magic:  3/9        EV: 15    Int: 19    God:
Gold:   60         SH:  0    Dex: 13    Spells: 5/9 levels left

rFire   . . .      SeeInvis .   b - +0 dagger
rCold   . . .      Faith    .   (no shield)
rNeg    . . .      Spirit   .   a - +0 robe
rPois   .          Reflect  .   (no helmet)
rElec   .          Harm     .   (no cloak)
rCorr   +          Rampage  .   (no gloves)
Will    .....                   f - +1 pair of boots
Stlth   +++.......              (no amulet)
HPRegen 0.09/turn               m - ring of resist corrosion
MPRegen 0.11/turn               (no ring)

@: no status effects
A: small, no large weapons, nightstalker 3
a: no special abilities


You were on level 3 of the Dungeon.
You visited 1 branch of the dungeon, and saw 3 of its levels.

You collected 60 gold pieces.

Inventory:

Hand Weapons
 b - a +0 dagger (weapon)
Armour
 a - a +0 robe (worn)
 f - a +1 pair of boots (worn)
Jewellery
 m - a ring of resist corrosion (left hand)
Scrolls
 c - a scroll of identify
 e - a scroll of immolation {unknown}
Potions
 d - a potion of invisibility {unknown}
 g - 2 potions of resistance
 k - a potion of heal wounds {unknown}
 l - 3 potions of lignification {unknown}
 n - 2 potions of curing {unknown}
 o - a potion of cancellation {unknown}
 p - a potion of berserk rage {unknown}
 q - a potion of degeneration {unknown}


   Skills:
 + Level 1.5 Fighting
 + Level 1.9 Short Blades
 + Level 3.2 Dodging
 + Level 3.7 Stealth
 + Level 2.8 Spellcasting
 - Level 4.1 Conjurations
 + Level 0.8 Hexes


You had 5 spell levels left.
You knew the following spells:

 Your Spells              Type           Power      Damage    Failure   Level
a - Magic Dart            Conj           72%        1d6       2%          1
b - Dazzling Flash        Conj/Hex       24%        N/A       17%         3

Your spell library contained the following spells:

 Spells                   Type           Power      Damage    Failure   Level
 Searing Ray              Conj           36%        2d5       4%          2
 Beastly Appendage        Tmut           4%         N/A       16%         1
 Wereblood                Tmut           2%         N/A       24%         2
 Spider Form              Tmut/Pois      2%         N/A       43%         3
 Fulminant Prism          Conj/Hex       6%         3d7       50%         4
 Iskenderun's Mystic Bla  Conj/Tloc      10%        2d4       54%         4


Dungeon Overview and Level Annotations

Branches:
Dungeon (3/15)

Altars:
Hepliaklqana
Makhleb
Trog
Uskayaw
Zin
The Shining One


Innate Abilities, Weirdness & Mutations

You are small and have problems with some larger weapons.
You are completely attuned to the shadows.


Message History

The orc is heavily wounded.
The orc hits you with a +0 club. The orc closely misses you.
You hit the orc.
The orc is severely wounded.
The orc barely misses you. The orc misses you.
Unknown command.
Casting: Dazzling Flash (quite dangerous; 17% risk of failure)
Confirm with . or Enter, or press ? or * to list all spells.
Aiming: Magic Dart (safe; 2% risk of failure)
Press: ? - help, Shift-Dir - straight line, f - orc
Aim: an orc, wielding a +0 club (severely wounded, 100% to hit)
The magic dart hits the orc.
You kill the orc!
The orc closely misses you.
Unknown command.
Casting: Magic Dart (safe; 2% risk of failure)
Confirm with . or Enter, or press ? or * to list all spells.
Aiming: Magic Dart (safe; 2% risk of failure)
Press: ? - help, Shift-Dir - straight line, f - orc
Aim: an orc, wielding a +0 flail (100% to hit)
You miscast Magic Dart.
You are very lightly contaminated with residual magic.
Nothing appears to happen.
The orc hits you with a +0 flail.
* * * LOW HITPOINT WARNING * * *
Items here: )) [ †.
Things that are here:
a +0 dagger; a +0 hand axe; a +0 leather armour Your magical contamination has completely faded away.
Found a potion of resistance.
The orc wizard casts a spell at you. You resist with some effort.
The orc wizard hits you with a +0 dagger.
* * * LOW HITPOINT WARNING * * *
The orc wizard gestures wildly while chanting.
The orc wizard flickers and vanishes!
Deactivating autopickup; reactivate with Ctrl-A.
You see here a +0 club.
A puff of flame appears from out of thin air!
The puff of flame hits you!
You die...

******** ******
#..,,,,* ,,,,,*
#.#***** .....* #.#
....!*###.#
....,*#.>.#########
..#####.##...##...##
........#...o..)@..##
###.#)##....{.......#
# #.............)...#
# ##................#
####...............##
.)...........##...##
####......##########
.......#..######...#
.#.#.###.>....##<..#


You could see an orc.

Vanquished Creatures
  2 adders
  A worm (D:2)
  2 dart slugs (D:1)
  7 orcs (D:3)
  7 bats
  7 endoplasms
  3 giant cockroaches
  2 goblins
  4 hobgoblins
  8 jackals (D:1)
  5 kobolds
  A quokka (D:2)
  6 ball pythons
  6 frilled lizards
  A rat (D:1)
62 creatures vanquished.

Vanquished Creatures (others)
  A ghoul (D:1)
  An elf (D:1)
  2 formicids (D:1)
  A spriggan (D:1)
  2 vampires (D:1)
  A dwarf (D:1)
  A mummy (D:1)
  2 gnolls (D:1)
  An orc (D:1)
  12 tentacles (D:1)
24 creatures vanquished.

Grand Total: 86 creatures vanquished

Notes
Turn   | Place    | Note
-------+----------+-------------------------------------------
     0 | D:1      | Stomo the Kobold Conjurer began the quest for the Orb.
     0 | D:1      | Reached XP level 1. HP: 10/10 MP: 3/3
     0 | D:1      | Noticed an elf
     0 | D:1      | Noticed a vampire
     0 | D:1      | Noticed a vampire
     1 | D:1      | Noticed a kraken
     4 | D:1      | Killed a vampire
     5 | D:1      | Killed an elf
    16 | D:1      | Killed a ghoul
    17 | D:1      | Killed a formicid
    19 | D:1      | Killed a spriggan
    23 | D:1      | Killed a vampire
    24 | D:1      | Killed a dwarf
    24 | D:1      | Killed a formicid
   255 | D:1      | Reached XP level 2. HP: 15/15 MP: 5/5
   562 | D:1      | Reached skill level 1 in Short Blades
   729 | D:1      | Reached XP level 3. HP: 16/20 MP: 0/6
  1047 | D:1      | Learned a level 3 spell: Dazzling Flash
  1448 | D:2      | Reached skill level 1 in Fighting
  2179 | D:2      | Reached XP level 4. HP: 22/25 MP: 2/8
  3585 | D:3      | Found a hide-covered altar of Uskayaw.
  3586 | D:3      | Found a glowing golden altar of the Shining One.
  3590 | D:3      | Found a hazy altar of Hepliaklqana.
  3591 | D:3      | Found a glowing silver altar of Zin.
  3594 | D:3      | Found a burning altar of Makhleb.
  3658 | D:3      | Found a bloodstained altar of Trog.
  3836 | D:3      | Reached XP level 5. HP: 19/29 MP: 1/9
  3891 | D:3      | Killed from afar by an orc wizard

Illustrated notes

Levels and vault maps discovered:
D:1:      nicolae_arrival_kraken_aquarium_a, layout_basic
D:2:      layout_basic, minmay_misc_feat_cross
D:3:      layout_rooms, grunt_temple_overflow_open, trog_butcher_becter

Skill      XL: |  1  2  3 |
---------------+----------+-----
Stealth        | 3 |  3.7
Short Blades   | 1 |  1.9
Fighting       | 1 |  1.5
Dodging        | 3 |  3.2
Spellcasting   | |  2.8
Conjurations   | |  4.1
Hexes          | |  0.8

Action                   |  1- 3 |  4- 6 || total
-------------------------+-------+-------++-------
Melee: Dagger            |   103 |   106 ||   209
       Punch             |     4 |     1 ||     5
 Cast: Magic Dart        |    15 |    10 ||    25
       Dazzling Flash    |     7 |    15 ||    22
  Use: Scroll            |       |     5 ||     5
 Stab: Sleeping          |    19 |     8 ||    27
       Invisible         |     2 |     5 ||     7
       Distracted        |       |     1 ||     1
Armor: Robe              |    18 |    24 ||    42
Dodge: Dodged            |    89 |    88 ||   177
